 Dungeon Crawl Stone Soup version 0.31.0-32-g396128a36d (webtiles) character file.

Game seed: 9352190810936246115

40161 Marvel the Severer (level 14, -2/127 (130) HPs)
             Began as a Hill Orc Fighter on Mar 18, 2024.
             Was a High Priest of Qazlal.
             Slain by an orc knight
             ... wielding a +0 long sword
              (12 damage)
             ... on level 2 of the Orcish Mines.
             The game lasted 00:34:03 (16024 turns).

Marvel the Severer (Hill Orc Fighter)              Turns: 16024, Time: 00:34:04

HP:   -2/127 (130)  AC: 21    Str: 36    XL:     14   Next: 9%
MP:   5/5           EV: 12    Int:  8    God:    Qazlal [*****.]
Gold: 1470          SH:  0    Dex:  8    Spells: 13/13 levels left

rFire   . . .        P - +1 broad axe (heavy)
rCold   + . .        e - orb {light}
rNeg    . . .        b - +0 scale mail
rPois   +            T - +0 helmet
rElec   .            H - +2 cloak {rPois}
rCorr   .            o - +0 pair of gloves
SInv    .            y - +0 pair of boots
Will    ++++.        D - amulet of regeneration Stlth
                     O - ring "Jamaizoc" {rC+ Will+++ MP-9 Str+6 Dex-2}
HPRegen 1.21/turn    L - +6 ring of strength
MPRegen 0.09/turn

%: repel missiles
@: confused, about to teleport, ambrosia-drunk, protected from physical damage,
glowing, lightly drained
A: no striking features
a: Renounce Religion, Convert to Beogh, Upheaval, Elemental Force, Disaster Area


You were on level 2 of the Orcish Mines.
You worshipped Qazlal.
Qazlal was extremely pleased with you.
You visited 3 branches of the dungeon, and saw 18 of its levels.
You also visited: Sewer and Bailey.

You collected 1487 gold pieces.
You spent 17 gold pieces at shops.

Inventory:

Hand Weapons
 a - a +1 heavy war axe
 f - a +0 dagger of speed
 P - a +1 heavy broad axe (weapon)
Missiles
 t - 6 throwing nets (quivered)
 K - 18 poisoned darts
 N - 4 atropa-tipped darts
Armour
 b - a +0 scale mail (worn)
 c - a +1 buckler
 e - an orb of light (worn)
 o - a +0 pair of gloves (worn)
 y - a +0 pair of boots (worn)
 H - a +2 cloak of poison resistance (worn)
 M - the orb of Distant Worlds {*channel, rN+}
   (You found it on level 9 of the Dungeon)

   rN+:       It protects you from negative energy.
 T - a +0 helmet (worn)
Jewellery
 v - a ring of fire
 w - an amulet of faith
 D - an amulet of regeneration (around neck)
 E - a ring of see invisible
 L - a +6 ring of strength (right hand)
 O - the ring "Jamaizoc" (left hand) {rC+ Will+++ MP-9 Str+6 Dex-2}
   (You found it on level 10 of the Dungeon)

   [ring of strength]

   Str+6:     It affects your strength (+6).
   Dex-2:     It affects your dexterity (-2).
   rC+:       It protects you from cold.
   Will+++:   It greatly increases your willpower.
   MP-9:      It affects your magic capacity (-9).
Wands
 C - a wand of polymorph (5)
 F - a wand of mindburst (8)
 U - a wand of paralysis (10)
Scrolls
 j - 3 scrolls of poison {unknown}
 k - 3 scrolls of teleportation
 m - 2 scrolls of noise {unknown}
 n - 2 scrolls of torment {unknown}
 p - a scroll of silence {unknown}
 q - 2 scrolls of vulnerability {unknown}
 r - 5 scrolls of fog {unknown}
 s - 3 scrolls of fear {unknown}
 x - 3 scrolls of immolation {unknown}
 B - 2 scrolls of acquirement {unknown}
 G - 2 scrolls of enchant weapon
 I - a scroll of revelation
 J - 9 scrolls of identify
 V - a scroll of amnesia {unknown}
 W - a scroll of brand weapon
Potions
 d - 4 potions of might
 g - a potion of brilliance
 h - 4 potions of haste
 i - 11 potions of curing
 l - 6 potions of enlightenment
 u - a potion of degeneration
 z - a potion of lignification
 A - 3 potions of cancellation
 R - a potion of ambrosia
 S - a potion of heal wounds {unknown}
Miscellaneous
 Q - a lightning rod (4/4)


   Skills:
 + Level 13.8 Fighting
 + Level 20.3 Axes
 + Level 0.2 Throwing
 + Level 13.3 Armour
 - Level 5.0 Dodging
 - Level 3.2 Stealth
 - Level 3.4 Shields
 + Level 2.8 Evocations


You had 13 spell levels left.
You didn't know any spells.
Your spell library contained the following spells:

 Spells                   Type           Power      Damage    Failure   Level
 Apportation              Tloc           0%         N/A       56%         1
 Necrotise                Necr           0%         1d4       56%         1
 Slow                     Hex            0%         N/A       56%         1
 Jinxbite                 Hex            0%         N/A       71%         2
 Confusing Touch          Hex            0%         N/A       90%         3
 Fugue of the Fallen      Necr           0%         N/A       90%         3
 Ozocubu's Armour         Ice            0%         N/A       90%         3
 Sigil of Binding         Hex            0%         N/A       90%         3
 Vampiric Draining        Necr           0%         2d6       90%         3
 Volatile Blastmotes      Fire/Tloc      0%         2d10      90%         3
 Fulminant Prism          Conj/Alch      0%         3d5       100%        4
 Iskenderun's Mystic Bla  Conj/Tloc      0%         2d3       100%        4
 Manifold Assault         Tloc           0%         N/A       100%        4
 Martyr's Knell           Necr/Summ      0%         N/A       100%        4
 Alistair's Intoxication  Alch           0%         N/A       100%        5
 Curse of Agony           Necr           0%         N/A       100%        5


Dungeon Overview and Level Annotations

Branches:
Dungeon (15/15)            Temple (1/1) D:4            Lair (0/5) D:11
    Orc (2/2) D:11            Elf (0/3) Orc:2        Vaults (0/5) D:13
  Sewer (visited)          Bailey (visited)
 Depths: D:15

Altars:
Ashenzari
Cheibriados
Dithmenos
Elyvilon
Fedhas
Gozag
Hepliaklqana
Kikubaaqudgha
Nemelex Xobeh
Qazlal
Ru
Sif Muna
Trog
Uskayaw
Vehumet
Wu Jian
Xom
Yredelemnul
Zin
The Shining One
Beogh

Shops:
D:2 *   D:7 =   D:14 !   Orc:1 :   Orc:2 ?

Annotations:
D:8 2 transporters, nitefall's ghost, novice MiBe
D:14 1 runed translucent door, Uummannaq's ghost, journeyman MiFi


Message History

You slash the orc knight!
The orc knight hits you with a +3 broad axe!
The orc sorcerer hits you but does no damage.
As you read the scroll of teleportation, it crumbles to dust.
You feel strangely unstable.
You hear a shout!
An ogre comes into view. It is wielding a +0 giant spiked club.
The orc sorcerer barely misses you.
You barely miss the orc sorcerer.
The orc high priest threatens, "By the altar or by the axe, you will meet Beogh!"
You hit the cyclops. You slash the orc knight! The cyclops hits you!
An orc comes into view. It is wielding a +0 whip.
The orc knight hits you with a +3 broad axe!!
* * * LOW HITPOINT WARNING * * *
You feel protected from physical attacks.
The orc sorcerer hits you with a +0 dagger.
* * * LOW HITPOINT WARNING * * *
You feel more protected from physical attacks.
You completely miss the orc sorcerer. You hit the cyclops.
You barely miss the orc knight.
The orc high priest threatens, "By the altar or by the axe, you will meet Beogh!"
You slash the orc knight!
You hear a shout!
The cyclops hits you but does no damage.
An orc comes into view. It is wielding a +0 short sword.
The orc knight is engulfed in blazing flames.
The orc knight hits you with a +0 long sword.
* * * LOW HITPOINT WARNING * * *
The orc knight completely misses you.
The orc sorcerer gestures at you while chanting.
The bolt of negative energy hits you!
You feel drained.
* * * LOW HITPOINT WARNING * * *
You are confused.
You feel invigorated.
An orc knight comes into view.
It is wielding a +2 battleaxe of freezing.
The orc high priest calls upon Beogh to heal the orc knight.
The orc knight is healed somewhat.
The orc knight is engulfed in blazing flames.
The orc knight hits you with a +0 long sword!
You die...

###### #∩...#
#.... .... #'(#
######### #§)#
#........
#o@#######........
#ooC'...#..#......
#oo.'#............
#o#######..#.#.#.#
.4 ###........#
#.. ##......#...#
#.o ##....#..##.#.
##o
#.....#.#..##..
#.....#....#∩..


You could see 5 orc knights, an orc high priest (strong), a cyclops, an ice
devil (summoned), an orc sorcerer (strong) and an orc (strong).

Vanquished Creatures
  An ironbound preserver (D:13)
  Azrael (D:14)
  An entropy weaver (D:13)
  A fire dragon (D:15)
  3 centaur warriors
  3 two-headed ogres
  2 tengu warriors (D:12)
  4 boulder beetles
  7 skeletal warriors
  A goliath frog (D:13)
  A harpy (shapeshifter) (D:15)
  Pikel (D:6)
  A deep elf zephyrmancer (D:15)
  4 orc knights
  6 ugly things
  2 orc sorcerers (Orc:2)
  Maurice (D:8)
  5 manticores
  A wolf spider (D:15)
  5 cyclopes
  A kobold blastminer (Orc:2)
  3 slime creatures (D:14)
  2 gargoyles (D:13)
  4 kobold demonologists
  Maggie (D:10)
  A komodo dragon (D:11)
  A tengu conjurer (D:14)
  A hornet (D:10)
  4 saltlings (Orc:2)
  5 trolls
  2 shadows
  A wraith (D:9)
  2 basilisks
  A warg (Orc:1)
  3 fire elementals (D:14)
  A steam dragon (D:7)
  8 vampire mosquitoes
  2 two-headed ogre zombies (D:11)
  2 water moccasins
  4 hell hounds (D:14)
  2 acid dragons
  Duvessa (D:6)
  14 orc warriors
  2 ice beasts
  2 sky beasts
  A black bear (D:5)
  7 centaurs
  3 ogres
  A lemure (D:6)
  4 bullfrogs
  7 kobold brigands
  2 brain worms (Sewer)
  2 gnoll sergeants
  2 scorpions
  17 wights
  Dowan (D:6)
  14 killer bees
  An electric eel (D:8)
  5 howler monkeys
  2 lava snakes (D:9)
  A bombardier beetle (D:4)
  4 jellies
  7 orc priests
  4 hounds
  2 iguanas (D:7)
  Terence (D:3)
  2 sleepcaps (D:6)
  15 orc wizards
  6 ogre zombies (D:11)
  13 gnolls
  13 adders
  4 river rats (Sewer)
  A shadow imp (D:7)
  4 white imps
  2 ribbon worms (D:2)
  2 dart slugs
  41 orcs
  7 ball pythons
  6 bats
  13 endoplasms
  8 giant cockroaches
  2 gnoll zombies (D:11)
  10 goblins
  6 hobgoblins
  8 jackals
  11 quokkas
  5 frilled lizards
  5 gnoll skeletons (D:11)
  26 kobolds
  3 orc skeletons (D:11)
  15 orc zombies (D:11)
  7 rats
444 creatures vanquished.

Notes
Turn   | Place    | Note
-------+----------+-------------------------------------------
     0 | D:1      | Marvel the Hill Orc Fighter began the quest for the Orb.
     0 | D:1      | Reached XP level 1. HP: 19/19 MP: 1/1
    54 | D:1      | Reached XP level 2. HP: 22/27 MP: 2/2
   157 | D:1      | Reached skill level 3 in Axes
   164 | D:1      | Reached XP level 3. HP: 12/33 MP: 3/3
   525 | D:1      | Reached skill level 4 in Axes
   833 | D:2      | Found Uhifyuji's Assorted Antiques.
   840 | D:2      | Bought a scroll labelled NOKOGUD ONALA for 17 gold pieces
   845 | D:2      | Reached XP level 4. HP: 40/40 MP: 4/4
  1322 | D:2      | Reached XP level 5. HP: 46/47 MP: 5/5
  1732 | D:3      | Reached skill level 5 in Axes
  2043 | D:3      | Noticed Terence
  2054 | D:3      | Killed Terence
  2055 | D:3      | Reached skill level 6 in Axes
  2055 | D:3      | Reached XP level 6. HP: 49/55 MP: 6/6
  2300 | D:4      | Noticed an ice beast
  2315 | D:4      | Killed an ice beast
  2316 | D:4      | Reached skill level 5 in Fighting
  2470 | D:4      | Found a staircase to the Ecumenical Temple.
  2477 | Temple   | Entered the Ecumenical Temple
  2660 | Temple   | Became a worshipper of Qazlal Stormbringer
  2738 | D:4      | Noticed a sky beast
  2748 | D:4      | Killed a sky beast
  2749 | D:4      | Reached skill level 7 in Axes
  2916 | D:4      | Found a glowing drain.
  2931 | Sewer    | Entered a sewer
  2942 | Sewer    | Reached XP level 7. HP: 50/61 MP: 7/7
  3118 | Sewer    | Reached skill level 8 in Axes
  3118 | Sewer    | Reached skill level 1 in Dodging
  3365 | Sewer    | Reached skill level 5 in Armour
  3909 | D:3      | Reached XP level 8. HP: 19/61 MP: 8/8
  4063 | D:3      | Reached skill level 9 in Axes
  4338 | D:4      | Reached * piety under Qazlal
  4413 | D:5      | Entered Level 5 of the Dungeon
  4970 | D:5      | Reached skill level 10 in Axes
  5194 | D:6      | Identified the +1 quarterstaff "Newtslayer" {venom,
                  | ^Fragile rElec Will+}
  5198 | D:6      | Reached XP level 9. HP: 78/78 MP: 9/9
  5340 | D:6      | Noticed Duvessa
  5340 | D:6      | Noticed Dowan
  5346 | D:6      | Killed Dowan
  5348 | D:6      | Killed Duvessa
  5788 | D:6      | Noticed Pikel
  5794 | D:6      | Killed Pikel
  5795 | D:6      | Reached skill level 11 in Axes
  6348 | D:7      | Reached ** piety under Qazlal
  6501 | D:7      | Reached skill level 12 in Axes
  6668 | D:7      | Found Zealywir's Jewellery Emporium.
  7020 | D:7      | Reached XP level 10. HP: 19/88 MP: 10/10
  7398 | D:7      | Found a sacrificial altar of Ru.
  7398 | D:7      | Found a sparkling altar of Nemelex Xobeh.
  7593 | D:8      | Found a transporter.
  7673 | D:8      | Noticed a two-headed ogre
  7680 | D:8      | Killed a two-headed ogre
  7681 | D:8      | Reached skill level 13 in Axes
  7803 | D:8      | Found a hazy altar of Hepliaklqana.
  7926 | D:8      | Noticed Maurice
  7928 | D:8      | Maurice stole a ring of fire
  7930 | D:8      | Killed Maurice
  7991 | D:8      | Found a sacrificial altar of Ru.
  7998 | D:8      | Noticed a manticore
  8003 | D:8      | Killed a manticore
  8004 | D:8      | Reached skill level 14 in Axes
  8372 | D:8      | Noticed nitefall's ghost (novice MiBe)
  8373 | D:8      | Noticed a moth of wrath
  8391 | D:8      | Found a transporter.
  8391 | D:8      | Noticed a manticore
  8700 | D:9      | Identified the orb of Distant Worlds {*channel, rN+}
  8790 | D:9      | Reached *** piety under Qazlal
  8978 | D:9      | Found an ornate altar of the Wu Jian Council.
  9175 | D:9      | Found a radiant altar of Vehumet.
  9177 | D:9      | Found a blossoming altar of Fedhas.
  9759 | D:10     | Entered Level 10 of the Dungeon
  9771 | D:10     | Noticed a cyan ugly thing
  9782 | D:10     | Killed a cyan ugly thing
  9783 | D:10     | Reached skill level 15 in Axes
  9783 | D:10     | Reached skill level 1 in Stealth
  9783 | D:10     | Reached XP level 11. HP: 95/95 MP: 11/11
  9794 | D:10     | Reached skill level 10 in Armour
  9867 | D:10     | Found a flagged portal.
  9876 | Bailey   | Entered a bailey
  9961 | Bailey   | Noticed an orc knight
  9975 | Bailey   | Killed an orc knight
 10166 | Bailey   | Found a burning altar of Makhleb.
 10175 | Bailey   | Identified the +6 great mace of Etegat {freeze, Stlth+}
 10236 | D:10     | Noticed a two-headed ogre
 10248 | D:10     | Killed a two-headed ogre
 10456 | D:10     | Identified the +8 short sword of Enikudid {spect, rElec rF+
                  | Int+3}
 10478 | D:10     | Identified the ring "Jamaizoc" {rC+ Will+++ MP-9 Str+6
                  | Dex-2}
 10517 | D:10     | Noticed Maggie
 10527 | D:10     | Killed Maggie
 10822 | D:10     | Noticed a two-headed ogre
 10835 | D:10     | Killed a two-headed ogre
 11064 | D:10     | Noticed a centaur warrior
 11072 | D:10     | Killed a centaur warrior
 11073 | D:10     | Reached skill level 16 in Axes
 11162 | D:11     | Noticed a cyclops
 11168 | D:11     | Killed a cyclops
 11325 | D:11     | Found a staircase to the Lair.
 11397 | D:11     | Noticed a red ugly thing
 11410 | D:11     | Killed a red ugly thing
 11442 | D:11     | Noticed a cyclops
 11446 | D:11     | Killed a cyclops
 11523 | D:11     | Reached skill level 10 in Fighting
 11540 | D:11     | Reached **** piety under Qazlal
 11608 | D:11     | Found a staircase to the Orcish Mines.
 11609 | D:11     | Reached ***** piety under Qazlal
 11610 | D:11     | Reached XP level 12. HP: 58/106 MP: 3/12
 11827 | D:11     | Reached skill level 17 in Axes
 12380 | D:12     | Noticed a boulder beetle
 12388 | D:12     | Killed a boulder beetle
 12561 | D:12     | Noticed a boulder beetle
 12571 | D:12     | Killed a boulder beetle
 12630 | D:12     | Noticed a boulder beetle
 12635 | D:12     | Killed a boulder beetle
 12636 | D:12     | Reached skill level 18 in Axes
 12668 | D:12     | Noticed a tengu warrior
 12671 | D:12     | Noticed a tengu warrior
 12676 | D:12     | Killed a tengu warrior
 12678 | D:12     | Killed a tengu warrior
 13209 | D:13     | Noticed an ironbound preserver
 13214 | D:13     | Noticed an entropy weaver
 13217 | D:13     | Killed an ironbound preserver
 13224 | D:13     | Killed an entropy weaver
 13251 | D:13     | Reached XP level 13. HP: 99/117 MP: 4/13
 13307 | D:13     | Found a gate to the Vaults.
 13337 | D:13     | Reached skill level 19 in Axes
 13556 | D:14     | Noticed Azrael
 13561 | D:14     | Killed Azrael
 13780 | D:14     | Found Voweyng's Distillery.
 14394 | D:14     | Found a sacrificial altar of Ru.
 14454 | D:14     | Reached skill level 1 in Evocations
 14547 | D:14     | Found a runed translucent door.
 14547 | D:14     | Found a shimmering altar of Xom.
 14547 | D:14     | Noticed Uummannaq's ghost (journeyman MiFi)
 14974 | D:15     | Entered Level 15 of the Dungeon
 15036 | D:15     | Noticed a fire dragon
 15040 | D:15     | Killed a fire dragon
 15041 | D:15     | Reached skill level 5 in Dodging
 15250 | Orc:1    | Entered Level 1 of the Orcish Mines
 15347 | Orc:1    | Found Fudayc's Self-Improvement Boutique.
 15534 | Orc:2    | Entered Level 2 of the Orcish Mines
 15534 | Orc:2    | Found a staircase to the Elven Halls.
 15652 | Orc:2    | Found a roughly hewn altar of Beogh.
 15677 | Orc:2    | Reached skill level 20 in Axes
 15941 | Orc:2    | Reached XP level 14. HP: 100/129 MP: 5/14
 16007 | Orc:2    | Found Qosuyje's Magic Scroll Shoppe.
 16023 | Orc:2    | HP: 5/127 [orc sorcerer/bolt of negative energy (11)]
 16024 | Orc:2    | Slain by an orc knight

Illustrated notes

Levels and vault maps discovered:
D:1:      roderic_octagonal_star, layout_basic, minivault_4, minmay_octomino_c4
D:2:      minmay_inner_zag, layout_loops_ring, serial_shops,
          nicolae_shop_rolling_square, minmay_split_cup_large
D:3:      layout_basic, uniq_terence
D:4:      layout_rooms, minmay_temple_entry_fiery, gup_sewer_entry_pipe
D:5:      layout_basic
D:6:      layout_basic, hangedman_decor_slide_cut, uniq_duvessa, uniq_pikel
D:7:      layout_basic, nicolae_overflow_two_pavilions, serial_glass,
          glass_columns_b, glass_columns_b, minmay_strange_pillars,
          item_on_display_a, minmay_strange_pillars, serial_shops,
          nicolae_shop_hallway_stairs, amcnicky_mini_corridor_feature
D:8:      layout_basic, gammafunk_ghost_berserking_beasts,
          hangedman_feature_mirror, uniq_maurice
D:9:      layout_rooms, nicolae_overflow_hidden_temple, kennysheep_mini,
          kennysheep_generic_room_5
D:10:     layout_basic, enter_bailey_2, uniq_maggie
D:11:     layout_roguey, lair_entry_dummy, zombieorc2_lemuel
D:12:     layout_stronghold
D:13:     layout_loops_ring, hellmonk_vaults_order_and_chaos
D:14:     layout_basic, ebering_ghost_xom, nicolae_take_the_stairs,
          nicolae_two_hexagons, nicolae_ru_path_of_blood, uniq_azrael
D:15:     grunt_enter_depths_snipers, layout_rooms, serial_curves,
          eino_curves_01, eino_curves_01
Temple:   minmay_temple_curvy_branch
Orc:1:    layout_caves, nicolae_shop_self_help
Orc:2:    hellmonk_orc_salted, layout_caves, mines1_david

Skill      XL: |  1  2  3  4  5  6  7  8  9 10 11 12 13 |
---------------+----------------------------------------+-----
Axes           | 3 4 6 7 8 10 12 15 16 18 20 | 20.3
Fighting       | 4 5 6 8 10 11 13 | 13.8
Armour         | 4 5 7 8 9 11 12 13 | 13.3
Dodging        | 1 2 3 4 5 |  5.0
Stealth        | 1 2 3 |  3.2
Evocations     | 2 |  2.8
Throwing       | |  0.2
Shields        | |  3.4

Action                     |  1- 3 |  4- 6 |  7- 9 | 10-12 | 13-15 || total
---------------------------+-------+-------+-------+-------+-------++-------
  Melee: War axe           |    71 |   134 |   208 |   137 |       ||   550
         Broad axe         |       |       |       |   183 |   188 ||   371
  Throw: Throwing net      |       |       |       |     1 |       ||     1
  Evoke: Wand              |       |       |       |       |    12 ||    12
         Lightning rod     |       |       |       |       |     1 ||     1
    Use: Scroll            |       |       |     5 |     7 |     2 ||    14
         Potion            |       |       |     1 |     2 |     5 ||     8
 Armour: Scale mail        |    55 |    96 |   217 |   267 |   218 ||   853
         Skin              |       |       |       |       |    18 ||    18
  Dodge: Dodged            |    35 |    63 |   134 |   164 |    94 ||   490
         Repelled          |       |       |       |     2 |     4 ||     6
  Block: Buckler           |     7 |       |       |     1 |       ||     8
